Cogmind - Beta 14 @@@ ROGUE MODE // 2024.10.09 @ 15:40:09 Player: Gabe+Kate4EVR Result: Self-destructed Performance ------------- Evolutions (4) 2000 Regions Visited (6) 1200 Robots Destroyed (54) 270 Value Destroyed (1310) 1310 Prototype IDs (4) 80 Alien Tech Used (0) 0 Bonus (504) 504 TOTAL SCORE: 5364 Bonus ------- High Alert Combat Kills 4 Entered DSFs 500 Cogmind --------- Core Integrity 561/850 Matter 0/300 Energy 100/100 System Corruption 37% Temperature Cool (0) Movement Flying (34) Location -6/Factory Parts ------- > --- POWER (1) -------- (None) > --- PROPULSION (8) --- Surge Thruster Xenon Bombardment Thruster > --- UTILITY (4) ------ Drone Bay (2/2) > --- WEAPON (2) ------- (None) > --- INVENTORY (5) ---- Light Deuterium Engine Peak State ------------ > --- POWER ------------ Light Angular Momentum Engine > --- PROPULSION ------- Cesium-ion Thruster Cesium-ion Thruster Cesium-ion Thruster Surge Thruster Surge Thruster Surge Thruster Surge Thruster Xenon Bombardment Thruster > --- UTILITY ---------- Improved Signal Interpreter Target Analyzer Improved Reaction Control System Focal Shield > --- WEAPON ----------- Chainsword > --- INVENTORY -------- Light Deuterium Engine Drone Bay [Rating: 50] Favorites ----------- Power Cooled Ion Engine Engine Cooled Ion Engine Propulsion Surge Thruster Leg Improved Aluminum Leg Wheel Armored Wheel Hover Unit Hover Unit Flight Unit Surge Thruster Utility Small Storage Unit Device Disposable Heat Sink Storage Small Storage Unit Processor Improved Signal Interpreter Weapon Assault Rifle Energy Gun EM Pulse Gun Energy Cannon Improved EM Pulse Cannon Ballistic Gun Assault Rifle Ballistic Cannon Advanced Assault Cannon Launcher Missile Launcher Impact Weapon Heavy Mace Slashing Weapon Chainsword Build | -11 -10 -9 -8 -7 -7 -6 ------- Run | Yrd Mat Mat Mat Fac DSF Fac Slots Evolved 8 | . . 2 2 2 . 2 Power . | . . . . . . . Propulsion 6 | . . 2 1 1 . 2 Utility 2 | . . . 1 1 . . Weapon . | . . . . . . . Parts Attached 111 | 7 5 27 33 5 24 10 Power 13 | 2 1 3 2 1 3 1 Engine 13 | 2 1 3 2 1 3 1 Core . | . . . . . . . Reactor . | . . . . . . . Propulsion 56 | 2 3 14 15 1 16 5 Treads . | . . . . . . . Leg 12 | . 3 4 5 . . . Wheel 6 | 2 . 4 . . . . Hover 10 | . . 6 . . 4 . Flight 28 | . . . 10 1 12 5 Utility 13 | 1 1 2 4 1 . 4 Device 6 | . 1 1 1 . . 3 Storage 3 | 1 . . 1 1 . . Processor 4 | . . 1 2 . . 1 Hackware . | . . . . . . . Protection . | . . . . . . . Artifact . | . . . . . . . Weapon 29 | 2 . 8 12 2 5 . Energy Gun 8 | 1 . 2 3 1 1 . Energy Cannon 2 | . . . . . 2 . Ballistic Gun 10 | 1 . 5 4 . . . Ballistic Cannon 2 | . . . 2 . . . Launcher 4 | . . 1 2 . 1 . Special Weapon . | . . . . . . . Impact Weapon 1 | . . . 1 . . . Slashing Weapon 2 | . . . . 1 1 . Piercing Weapon . | . . . . . . . Special Melee Weapon . | . . . . . . . Unidentified Prototypes 4 | . . 2 2 . . . Corrupted Parts 1 | . 1 . . . . . System Corruption 3 | . 3 . . . . . Parts Lost 39 | . . 8 9 . 8 14 Power 4 | . . 1 1 . 1 1 Propulsion 24 | . . 4 5 . 7 8 Utility 4 | . . . . . . 4 Weapon 7 | . . 3 3 . . 1 Highest Loss Streak 8 | . . 8 8 . 8 7 To Critical Strikes . | . . . . . . . Average Slot Usage (%) 69 | . 93 84 78 74 39 37 Engine 7 | . 14 9 7 6 1 2 Leg 5 | . 9 5 13 . . . Wheel 5 | . 17 6 7 . . . Hover 3 | . . 20 . . 2 . Flight 14 | . . . 8 46 21 24 Device 5 | . 8 2 9 . . 6 Storage 7 | . 14 11 9 7 1 . Processor 5 | . . 8 9 7 7 2 Energy Gun 5 | . 14 4 7 3 . . Ballistic Gun 6 | . 14 15 5 . . . Peak Build Rating 50 | 6 7 23 35 31 32 50 Average Rating 18 | 4 6 13 22 28 17 21 On Entrance 17 | . 6 7 20 28 30 30 Naked Turns . | . . . . . . . Heaviest Build 31 | 14 15 16 25 31 30 15 Greatest Support 40 | 26 26 40 36 27 30 35 Greatest Overweight (x) 7 | . 1 2 7 1 4 2 Average Overweight (x) . | . . . . . . . Largest Inventory Capacity 15 | 8 8 8 10 15 15 5 Average Capacity 8 | 7 8 8 8 14 6 5 Most Carried 15 | 3 8 8 10 15 15 4 Average Carried 6 | 2 5 7 8 14 3 1 Final Capacity 15 | 8 8 8 10 15 5 5 Final Carried 15 | 3 8 8 8 15 4 1 Class Distribution -------------------- 80% | Mutant 14% | Scavenger-Mutant 5% | Sprinter Dominant Class ---------------- Mutant | -10/Materials Scavenger-Mutant | -9/Materials Mutant | -8/Materials Mutant | -7/Factory Mutant | -7/DSF Mutant | -6/Factory Resources | -11 -10 -9 -8 -7 -7 -6 ----------- Run | Yrd Mat Mat Mat Fac DSF Fac Matter Collected 1560 | 270 258 379 581 . 54 18 Remotely . | . . . . . . . Salvage Created 1658 | . 269 457 852 . 66 14 Parts 105 | . 23 31 47 . 4 . Haulers Intercepted 2 | . . 1 1 . . . Recyclers Shooed 1 | . . 1 . . . . Parts Field Recycled . | . . . . . . . Retrieved Matter . | . . . . . . . Parts Self-Destructed . | . . . . . . . Prevented . | . . . . . . . Kills | -11 -10 -9 -8 -7 -7 -6 ------- Run | Yrd Mat Mat Mat Fac DSF Fac Combat Hostiles Destroyed 37 | . 5 11 19 . 2 . Melee 2 | . . . . . 2 . Guns 23 | . 5 9 9 . . . Cannons 2 | . . . 2 . . . AOE 9 | . . 2 7 . . . Classes Destroyed 13 | . 4 4 3 . 2 . Worker 5 | . 3 1 . . . 1 Builder 2 | . . . 2 . . . Hauler 2 | . . 1 1 . . . Recycler 3 | . . 1 2 . . . Operator 1 | . 1 . . . . . Watcher 4 | . 2 1 1 . . . Swarmer 13 | . . 6 7 . . . Cutter 1 | . . . . . 1 . Grunt 14 | . 5 3 6 . . . Brawler 1 | . . . 1 . . . Duelist 1 | . . . 1 . . . Sentry 6 | . . 2 4 . . . Specialist 1 | . . . . . 1 . Best Kill Streak 8 | . 8 7 8 . 1 1 Combat Bots Only 6 | . 2 6 5 . 1 . Max Kills in Single Turn 6 | . 6 3 4 . 1 1 Gunslinging . | . . . . . . . Exploded 4 | . . 2 4 . . . Melee 1 | . . . . . 1 . Uniques/NPCs Destroyed . | . . . . . . . Combat | -11 -10 -9 -8 -7 -7 -6 -------- Run | Yrd Mat Mat Mat Fac DSF Fac Hostile Shots Fired 470 | . 29 108 178 . 134 21 Missed 181 | . 11 33 60 . 67 10 Damage Taken 5988 | . 269 1018 1847 . 1370 1484 Core 1919 | . 66 350 529 . 685 289 Absorbed by Shields 101 | . . . . . 101 . Regen/Repaired (Parts) 148 | . . . 93 . . 55 Core Remaining (%) 38 | 100 73 12 3 . 2 . Volleys Fired 142 | . 22 54 64 . 2 . Largest 2 | . 2 2 2 . 1 . Hottest 84 | . 60 76 84 . 36 . Shots Fired 202 | . 45 70 85 . 2 . Gun 184 | . 45 67 72 . . . Cannon 9 | . . . 9 . . . Launcher 9 | . . 3 4 . 2 . Special . | . . . . . . . Kinetic 127 | . 23 60 44 . . . Thermal 38 | . . 2 36 . . . Explosive 9 | . . 3 4 . 2 . Electromagnetic 28 | . 22 5 1 . . . Robot Hit Streak 18 | . 17 18 8 . 2 . Robot Miss Streak 6 | . 6 1 3 . 1 . Penetration Max . | . . . . . . . Secondary Targets . | . . . . . . . Shots Hit Robots 149 | . 25 55 63 . 5 1 Core Hits 84 | . 15 26 37 . 5 1 Critical Kills . | . . . . . . . Critical Parts Destroyed 1 | . . . 1 . . . Critical Strikes 6 | . . 1 5 . . . Burn 4 | . . . 4 . . . Destroy 1 | . . . 1 . . . Corrupt 1 | . . 1 . . . . Melee Attacks 21 | . . . 2 6 4 9 Impact 2 | . . . 2 . . . Slashing 19 | . . . . 6 4 9 Piercing . | . . . . . . . Sneak Attacks 1 | . . . . . . 1 Combat Hostiles . | . . . . . . . Follow-up Attacks . | . . . . . . . Damage Inflicted 3790 | . 784 893 1790 . 257 66 Guns 1853 | . 333 658 862 . . . Cannons 167 | . . . 167 . . . Explosions 1474 | . 451 227 694 . 102 . Melee 288 | . . . 67 . 155 66 Ramming 8 | . . 8 . . . . Kinetic 1347 | . 137 585 625 . . . Thermal 872 | . 451 17 404 . . . Explosive 1023 | . . 227 694 . 102 . Electromagnetic 252 | . 196 56 . . . . Impact 67 | . . . 67 . . . Slashing 221 | . . . . . 155 66 Piercing . | . . . . . . . Highest Corruption 37 | . 3 2 . . . 37 Average Corruption 17 | . 3 2 . . . 32 Corruption Purged . | . . . . . . . Corruption Blocked . | . . . . . . . Effects 41 | . 4 9 . . . 28 Message Errors 12 | . 1 2 . . . 9 Matter Fused 12 | . 1 2 . . . 9 Heat Flow Errors 1 | . . . . . . 1 Energy Discharges 7 | . 1 2 . . . 4 Parts Fused 1 | . . . . . . 1 Data Loss (minor) 4 | . . 1 . . . 3 Data Loss (major) 2 | . . 1 . . . 1 Misfires 1 | . 1 . . . . . Weapon Failures 1 | . . 1 . . . . Overload Shots . | . . . . . . . Overflow Damage 78 | . 40 . 38 . . . Projectiles . | . . . . . . . Explosions 74 | . 40 . 34 . . . Melee 4 | . . . 4 . . . Knockbacks 2 | . . . 2 . . . Impact . | . . . . . . . Kinetic 2 | . . . 2 . . . Secondary . | . . . . . . . Self-Inflicted Damage 202 | . 56 3 143 . . . Shots 5 | . 1 . 4 . . . Rammed 3 | . . 3 . . . . Targets Rammed 3 | . . 3 . . . . Kicked . | . . . . . . . Crushed . | . . . . . . . Highest Temperature 250 | . 36 39 77 10 . 250 Average Temperature 25 | . 22 13 19 4 . 45 Received Heat Transfer 1308 | . 117 396 756 . . 39 Siege Activations . | . . . . . . . Robots Corrupted 1 | . . . 1 . . . Combat Hostiles . | . . . . . . . Parts Fried 2 | . . . 2 . . . Impact Corruptions 1 | . . . 1 . . . Robots Melted 1 | . . . 1 . . . Combat Hostiles 1 | . . . 1 . . . Parts Melted . | . . . . . . . Heat Transferred 1571 | . 350 37 1184 . . . Parts Sabotaged . | . . . . . . . Parts Stolen . | . . . . . . . Parts Stripped . | . . . . . . . Power Chain Reactions 1 | . 1 . . . . . Alert | -11 -10 -9 -8 -7 -7 -6 ------- Run | Yrd Mat Mat Mat Fac DSF Fac Peak Influence 461 | . 237 181 461 214 170 235 Initial 209 | . . 15 2 209 153 78 Average 104 | . 55 62 118 209 147 105 Maximum Alert Level 2 | . 1 . 2 1 . 1 Low Security (%) 73 | 100 91 100 76 . 100 66 Level 1 25 | . 8 . 19 100 . 33 Level 2 . | . . . 3 . . . Level 3 . | . . . . . . . Level 4 . | . . . . . . . Level 5 . | . . . . . . . High Security . | . . . . . . . Max Security . | . . . . . . . Squads Dispatched 8 | . 2 1 2 1 1 1 Investigation 3 | . 1 1 . . . 1 Extermination 1 | . . . . 1 . . Reinforcement 4 | . 1 . 2 . 1 . Assault . | . . . . . . . Garrison . | . . . . . . . Intercept . | . . . . . . . Searches Triggered . | . . . . . . . Construction Impeded 1 | . . . 1 . . . Haulers Reinforced . | . . . . . . . Active Scanning Responses . | . . . . . . . Cargo Convoy Interrupts . | . . . . . . . Stealth | -11 -10 -9 -8 -7 -7 -6 --------- Run | Yrd Mat Mat Mat Fac DSF Fac Distress Signals 5 | . . 3 2 . . . Communications Jammed . | . . . . . . . Distress Signals . | . . . . . . . Times Spotted 90 | . 8 21 40 . 8 13 Peak Tracking Total 11 | . 3 7 11 1 6 9 Tactical Retreats 11 | . . 1 3 . 1 6 Traps | -11 -10 -9 -8 -7 -7 -6 ------- Run | Yrd Mat Mat Mat Fac DSF Fac Traps Triggered 5 | . 1 . 1 . 3 . Indirectly . | . . . . . . . Trap Hack Attempts . | . . . . . . . Triggered . | . . . . . . . Disarmed . | . . . . . . . Reprogrammed . | . . . . . . . Reused . | . . . . . . . Traps Extracted . | . . . . . . . Installed . | . . . . . . . Triggered . | . . . . . . . Machines | -11 -10 -9 -8 -7 -7 -6 ---------- Run | Yrd Mat Mat Mat Fac DSF Fac Machines Disabled 6 | . 3 1 2 . . . Max in Single Turn 2 | . 2 1 2 . . . Machines Repaired . | . . . . . . . Machines Dismantled . | . . . . . . . Machines Sabotaged . | . . . . . . . Overloaded Fab Kills . | . . . . . . . Hacking | -11 -10 -9 -8 -7 -7 -6 --------- Run | Yrd Mat Mat Mat Fac DSF Fac Machines Accessed 16 | . 2 5 4 1 . 4 Terminals 12 | . 2 4 3 1 . 2 Fabricators . | . . . . . . . Repair Stations 3 | . . 1 1 . . 1 Recycling Units . | . . . . . . . Scanalyzers . | . . . . . . . Garrison Access 1 | . . . . . . 1 Total Hacks 47 | . 5 16 17 1 . 8 Successful 14 | . . 6 4 1 . 3 Failed 33 | . 5 10 13 . . 5 Catastrophic 8 | . 1 4 2 . . 1 Database Lockouts . | . . . . . . . Manual 30 | . 6 9 13 . . 2 Terminals 35 | . 5 12 13 1 . 4 Fabricators . | . . . . . . . Repair Stations 10 | . . 4 4 . . 2 Recycling Units . | . . . . . . . Scanalyzers . | . . . . . . . Garrison Access 2 | . . . . . . 2 Terminal Hacks 8 | . . 5 1 1 . 1 Robot Analysis 1 | . . . . . . 1 Open DSF 1 | . . . . 1 . . Alert Level 2 | . . 2 . . . . Unreport Threat 4 | . . 3 1 . . . Fabricator Hacks . | . . . . . . . Repair Station Hacks 5 | . . 1 2 . . 2 Scan Component 3 | . . 1 1 . . 1 Repair 2 | . . . 1 . . 1 Recycling Unit Hacks . | . . . . . . . Scanalyzer . | . . . . . . . Garrison Access Hacks . | . . . . . . . Unauthorized Hacks 1 | . . . 1 . . . Terminals 1 | . . . 1 . . . Assimilate 1 | . . . 1 . . . Fabricators . | . . . . . . . Repair Stations . | . . . . . . . Recycling Units . | . . . . . . . Scanalyzers . | . . . . . . . Garrison Access . | . . . . . . . Data Cores Recovered . | . . . . . . . Used . | . . . . . . . Hacking Detections 13 | . 2 4 3 . . 4 Full Trace Events 5 | . 1 2 1 . . 1 Feedback Events . | . . . . . . . Feedback Blocked . | . . . . . . . Robot Schematics Acquired . | . . . . . . . Robots Built . | . . . . . . . Authchips . | . . . . . . . Time . | . . . . . . . Total Robot Build Rating . | . . . . . . . Part Schematics Acquired . | . . . . . . . Parts Built . | . . . . . . . Authchips . | . . . . . . . Time . | . . . . . . . Total Part Build Rating . | . . . . . . . Parts Repaired 2 | . . . 1 . . 1 Time 54 | . . . 16 . . 38 Parts Recycled . | . . . . . . . Recycled Matter . | . . . . . . . Retrieved Matter . | . . . . . . . Retrieved Components . | . . . . . . . Parts Scanalyzed . | . . . . . . . Part Schematics Acquired . | . . . . . . . Parts Damaged . | . . . . . . . Bothacking | -11 -10 -9 -8 -7 -7 -6 ------------ Run | Yrd Mat Mat Mat Fac DSF Fac Used RIF Installer . | . . . . . . . Robots Hacked . | . . . . . . . Non-combat . | . . . . . . . Combat . | . . . . . . . Robot Hacks Applied . | . . . . . . . Relay Couplers Released . | . . . . . . . Fabnet Peak Effective % . | . . . . . . . Robots Rewired 1 | . . . . . . 1 Allies Hacked . | . . . . . . . Hacks Repelled . | . . . . . . . Allies | -11 -10 -9 -8 -7 -7 -6 -------- Run | Yrd Mat Mat Mat Fac DSF Fac Total Allies 2 | . . . 1 . . 1 Largest Group 1 | . . . 1 . . 1 Highest-Rated Group 29 | . . . 10 . . 29 Highest-Rated Ally 29 | . . . 10 . . 29 Total Orders . | . . . . . . . Ally Attacks 4 | . . . . . . 4 Total Damage 56 | . . . . . . 56 Kills . | . . . . . . . Allies Corrupted . | . . . . . . . Allies Melted . | . . . . . . . Intel | -11 -10 -9 -8 -7 -7 -6 ------- Run | Yrd Mat Mat Mat Fac DSF Fac Robot Analysis Total 1 | . . . . . . 1 Derelict Logs Recovered . | . . . . . . . Drone Launches . | . . . . . . . Drone Recoveries . | . . . . . . . Exploration | -11 -10 -9 -8 -7 -7 -6 ------------- Run | Yrd Mat Mat Mat Fac DSF Fac Turns Passed 2916 | 74 435 526 710 330 127 714 Spaces Moved 1935 | 69 288 339 588 266 103 282 Core 27 | 1 . 7 4 . 14 1 Treads . | . . . . . . . Legs 268 | . 91 51 126 . . . Wheels 513 | 68 197 133 115 . . . Hover 164 | . . 148 . . 16 . Flight 963 | . . . 343 266 73 281 Fastest Speed 14 | 50 90 48 24 21 20 14 Average Speed 70 | 88 99 90 66 83 37 21 Slowest Speed 400 | 90 190 190 400 96 250 150 Overloaded Moves . | . . . . . . . Propulsion Burnouts . | . . . . . . . Robots Hopped 13 | . . . 4 . 3 6 Cave-ins Triggered 4 | . . . . . . 4 Exploration Rate (%) 32 | 4 34 32 63 7 74 11 Regions Visited 6 Branch Regions . Pre-discovered Areas . | . . . . . . . Known Exits Taken 3 | . . 1 1 1 . . Unknown Exits Taken 2 | 1 1 . . . . . Scrap Searched . | . . . . . . . Spaces Dug 14 | . . . . 6 . 8 Terrain Destroyed 91 | . 10 5 50 6 12 8 Melee 14 | . . . . 6 . 8 Projectile 2 | . . . 2 . . . AOE 75 | . 10 5 48 . 12 . Terrain Rammed . | . . . . . . . Walls Destroyed . | . . . . . . . Machines Disabled . | . . . . . . . Actions | -11 -10 -9 -8 -7 -7 -6 --------- Run | Yrd Mat Mat Mat Fac DSF Fac Total 3232 | 77 392 495 815 365 175 913 Wait 906 | . 69 27 98 80 21 611 Move 1905 | 68 287 338 579 265 97 271 Hop 10 | . . . 4 . 2 4 Pick Up 44 | 2 4 17 9 5 6 1 Fast Attach 72 | 6 3 19 19 2 19 4 Attach 24 | . . 4 8 2 5 5 Detach 16 | . 2 2 7 4 1 . Swap 15 | 1 2 4 6 1 . 1 Drop 60 | . 3 27 19 . 11 . Fire 142 | . 22 54 64 . 2 . Melee 21 | . . . 2 6 4 9 Ram 3 | . . 3 . . . . Kick . | . . . . . . . Crush . | . . . . . . . Escape Stasis 8 | . . . . . 7 1 Rewire 6 | . . . . . . 6 Trap . | . . . . . . . Miscellaneous . | . . . . . . . Route ------- -11/Scrapyard -10/Materials -9/Materials (discovered 2 exits: *Mat / *Min) -8/Materials -7/Factory -7/DSF -6/Factory History --------- Turn | Location | Event 7 | -11/Scrapyard | Discovered new exit (range 15) 75 | -11/Scrapyard | Entered Materials 309 | -10/Materials | Build established: Mutant 484 | -10/Materials | Discovered new exit (range 16) 510 | -10/Materials | Entered another Materials area 510 | -9/Materials | Evolved 2 slots: Propulsion x2 710 | -9/Materials | Core integrity fell below 50% 748 | -9/Materials | Lost 8 parts (1p4n3w) 887 | -9/Materials | Discovered new exit (range 16) 914 | -9/Materials | Identified exit to Mines 970 | -9/Materials | Core integrity fell below 20% 996 | -9/Materials | Discovered new exit (range 5) 1015 | -9/Materials | Identified exit to Materials 1036 | -9/Materials | Entered another Materials area 1036 | -8/Materials | Evolved 2 slots: Propulsion x1, Utility x1 1304 | -8/Materials | Repaired Imp. Aluminum Leg 1547 | -8/Materials | Core integrity fell below 50% 1580 | -8/Materials | Core integrity fell below 20% 1609 | -8/Materials | Lost 8 parts (1p4n3w) 1744 | -8/Materials | Discovered new exit (range 11) 1746 | -8/Materials | Identified exit to Factory 1746 | -8/Materials | Entered Factory 1746 | -7/Factory | Evolved 2 slots: Propulsion x1, Utility x1 2076 | -7/Factory | Identified exit to DSF 2076 | -7/Factory | Entered DSF 2091 | -7/DSF | Additional patrols routed to DSF 2112 | -7/DSF | Core integrity fell below 50% 2124 | -7/DSF | Core integrity fell below 20% 2124 | -7/DSF | Discovered new exit (range 14) 2203 | -7/DSF | Identified exit to Factory 2203 | -7/DSF | Entered Factory 2203 | -6/Factory | Evolved 2 slots: Propulsion x2 2212 | -6/Factory | Lost 8 parts (1p7n) 2312 | -6/Factory | Repaired Surge Thruster 2340 | -6/Factory | Crushed by falling debris 2344 | -6/Factory | Crushed by falling debris 2345 | -6/Factory | System corruption reached 10% 2375 | -6/Factory | Lost 7 parts (3n3u1w) 2441 | -6/Factory | Crushed by falling debris 2472 | -6/Factory | Lost 3 parts (2n1u) 2542 | -6/Factory | Crushed by falling debris 2542 | -6/Factory | System corruption reached 30% 2917 | -6/Factory | Self-destructed Last Messages --------------- 02542_ System corrupted by crushing effect (+5). 02542_ Surge Thruster destroyed. 02542_ System corrupted by crushing effect (+3). 02552_ System corrupted: Matter fused (-6). 02570_ System corrupted: Component data lost. 02586_ System corrupted: Matter fused (-9). 02604_ RIXUSFFIXLQ>YD9 DT%6NEAK9K9ZA6ZDKYES 0 02621_ System corrupted: Component data lost. 02644_ System corrupted: Energy discharge (-31). 02663_ System corrupted: Component data lost. 02682_ EP/8TXJCYSG8IGNUDHVFYS>JN9ZO JZ| 02699_ System corrupted: Matter fused (-9). 02715_ System corrupted: Heat flow error (+287). 02740_ S33UBF MLP9LNGR CHBJ&B%KGEIQRS 02755_ 1C8A|R8JJ 02801_ System corrupted: Matter fused (-1). 02835_ System corrupted: Energy discharge (-36). 02898_ ALERT: Cargo convoy en route, clear transfer corridor. 02902_ 5X :8DLXS3J9RTAPRKOK2SA Map ----- +----------------------------------------------------+ | ?????????????????????????????????????????????????? | | ?????????????????????????????????????????????????? | | ?????????????????????????????????????????????????? | | ?????????????????????????????????????????????????? | | ?????????????????????????????????????????????????? | | ?????????????????????????????????????????????????? | | ?????????????????????????????????????????????????? | | ?????????????????????????????????????????????????? | | ?????????????????????????????????????????????????? | | ?????????????????????????????????????????????????? | | ?????????????????????????????????????????????????? | | ?????????????????????????????????????????????????? | | ?????????????????????????????????????????????????? | | ?????????????????????????????????????????????????? | | ?????????????????????????????????????????????????? | | ?????????????????????????????????????????????????? | | ?????????????????????????????????????????????????? | | ?????????????????????????????????????????????????? | | ?????????????????????????????????????????????????? | | ????????????????????????###??????????????????????? | | ????????????????????????# #??????????????????????? | | ????????????????????????###??????????????????????? | | ????????????????????????# #??????????????????????? | | ????????????????????????###??????????????????????? | | ????????????????????????###??????????????????????? | | ????????????????????????#@#??????????????????????? | | ???????????????????###########???????????????????? | | ???????????????????# #???????????????????? | | ???????????????????# """"""" #???????????????????? | | ???????????????????# """"""" #???????????????????? | | ???????????????????# """"""" #???????????????????? | | ???????????????????# """"""" #???????????????????? | | ???????????????????# #???????????????????? | | ???????????????????# #???????????????????? | | ???????????????????# #???????????????????? | | ???????????????????# #???????????????????? | | ???????????????????# #???????????????????? | | ???????????????????# ""#???????????????????? | | ???????????????????# ""#???????????????????? | | ???????????????????# G#???????????????????? | | ???????????????????# ""#???????????????????? | | ???????????????????# ""#???????# ??????????? | | ???????????????????# #???????? ?????????? | | ???????????????????#####+##+############+#######+# | | ???????????????????????# | | ???????????????????????# | | ???????????????????????# | | ???????????????????????# | | ???????????????????????# | | ???????????????????????##### ######+# | +----------------------------------------------------+ Best States ------------- Heat Dissipation 38 Coolant Potential 50 Energy Generation 18 Energy Capacity 280 Matter Stores 300 Matter Capacity 300 Sight Range 16 Terrain Scan Density 10 Resistance: KI 20 Evasion (%) 75 Target Analysis 5 Item Schematics ----------------- None Robot Schematics ------------------ None Fabricated ------------ Nothing Alien Tech Used ----------------- None Achievements -------------- None Challenges ------------ None Game ------ Seed HeartDisposableProtomatter Manual? 0 Play Time 00:31:36 Cumulative 191.4 hours Start 2024.10.09 @ 15:00:40 End 2024.10.09 @ 15:40:09 Sessions 1 Manual Loads 0 Difficulty Rogue Special Mode None Game No. 375 Rogue 375 Adventurer 0 Explorer 0 Win Type - Total 0 Types 0/0/0/0/0/0/0/0/0 Lore% 36 Gallery% 63 Achievement% 48 Wizard Run 0 Options --------- Layout 0 ASCII 0 Keyboard 1 Movement Numpad Keybinds 0 Fullscreen 2 Font 18/X11 Map View 76x50 Zoom Use 0% Tactical HUD 1 Map Filters NONE Filters NONE Steam 1 RUN: ea70f35e-c64a-4fbf-95ab-e2c50bbc82be